 Dungeon Crawl Stone Soup version 0.28.0-49-g6dfe1f597d (webtiles) character file.

Game seed: 7823391657736346424

8957 issech the Poker (level 11, -4/96 HPs)
             Began as a Troll Monk on May 17, 2022.
             Was an Elder of Hepliaklqana.
             Slain by Maggie
             ... wielding a +0 long sword of flaming
              (9 damage)
             ... on level 9 of the Dungeon.
             The game lasted 00:40:23 (8413 turns).

issech the Poker (Troll Monk)                       Turns: 8413, Time: 00:40:24

Health: -4/96      AC:  7    Str: 21    XL:     11   Next: 16%
Magic:  10/10      EV: 13    Int:  6    God:    Hepliaklqana [****..]
Gold:   494        SH:  0    Dex: 20    Spells: 10/10 levels left

rFire   . . .      SeeInvis +   E - +8 spear of Mefakiyh {drain, Dex+4 SInv}
rCold   . . .      Faith    .   (no shield)
rNeg    . . .      Spirit   .   S - +2 robe {Will+}
rPois   .          Reflect  .   (helmet restricted)
rElec   .          Harm     .   F - +0 cloak
rCorr   .          Rampage  .   (gloves unavailable)
Will    ++...                   (boots unavailable)
Stlth   +++.......              (no amulet)
HPRegen 1.06/turn               D - ring of willpower
MPRegen 0.12/turn               i - ring of flight

@: lethally poisoned (-4 -> -5), flying
A: reduced essence, large, unfitting armour, claws 3, regeneration 1, shaggy fur
1, tough skin 1
a: Renounce Religion, Recall Ancestor, Ancestor Identity, Transference, Idealise


You were on level 9 of the Dungeon.
You worshipped Hepliaklqana.
Hepliaklqana was greatly pleased with you.
You visited 2 branches of the dungeon, and saw 10 of its levels.
You also visited: Sewer and Bailey.

You collected 494 gold pieces.

Inventory:

Hand Weapons
 m - a +1 short sword of venom
 t - a +0 morningstar
 w - a +3 glaive
 y - a +2 vorpal war axe
 A - a +0 giant club
 B - a +1 dagger of protection
 E - the +8 spear of Mefakiyh (weapon) {drain, Dex+4 SInv}
   (You found it on level 5 of the Dungeon)

   A truly terrible weapon, it drains the life of any living foe it strikes.
   Dex:       It affects your dexterity (+4).
   SInv:      It lets you see invisible.
 K - a +2 shortbow of freezing
 T - a +3 dagger of chaos
 W - a +3 fustibalus of freezing
 X - a +2 vampiric halberd
Missiles
 a - 15 poisoned darts
 c - 316 stones (quivered)
 n - 199 arrows
 s - 88 sling bullets
 C - 33 bolts
 H - 13 atropa-tipped darts
Armour
 b - a +0 robe
 f - an orb of guile
 F - a +0 cloak (worn)
 S - a +2 robe of willpower (worn)
 V - a +2 robe of cold resistance
Jewellery
 h - a ring of see invisible
 i - a ring of flight (right claw)
 p - a ring of protection from cold
 x - a ring of resist corrosion
 D - a ring of willpower (left claw)
Wands
 J - a wand of iceblast (9)
Scrolls
 d - 3 scrolls of identify
 e - a scroll of amnesia
 g - 2 scrolls of noise
 l - 6 scrolls of teleportation
 G - 2 scrolls of summoning
Potions
 j - 2 potions of attraction {unknown}
 k - a potion of cancellation
 o - a potion of brilliance
 q - a potion of resistance
 r - 3 potions of might {unknown}
 u - 2 potions of mutation {unknown}
 v - 2 potions of lignification {unknown}
 z - a potion of ambrosia {unknown}
 I - 2 potions of heal wounds
 L - a potion of curing
 P - a potion of flight {unknown}
 Z - 2 potions of haste


   Skills:
 + Level 6.7 Fighting
 + Level 2.4 Short Blades
 + Level 5.1(7.4) Axes
 + Level 4.6(5.9) Maces & Flails
 + Level 7.1(7.8) Polearms
 + Level 3.1 Throwing
 + Level 6.3 Dodging
 + Level 4.4 Stealth


You had 10 spell levels left.
You didn't know any spells.
Your spell library contained the following spells:

 Spells                   Type           Power      Damage    Failure   Level
 Sublimation of Blood     Necr           0%         N/A       58%         2
 Ignite Poison            Fire/Tmut/Pois 0%         N/A       83%         3
 Mephitic Cloud           Conj/Pois/Air  0%         N/A       83%         3
 Leda's Liquefaction      Hex/Erth       0%         N/A       99%         4
 Petrify                  Tmut/Erth      0%         N/A       99%         4
 Freezing Cloud           Conj/Ice/Air   0%         6-21      100%        5
 Irradiate                Conj/Tmut      0%         3d13      100%        5
 Lee's Rapid Deconstruct  Erth           0%         3d5*      100%        5
 Statue Form              Tmut/Erth      0%         N/A       100%        6


Dungeon Overview and Level Annotations

Branches:
Dungeon (9/15)             Temple (1/1) D:5           Sewer (visited)
 Bailey (visited)
   Lair: D:8-11         Orc: D:9-12

Altars:
Ashenzari
Cheibriados
Dithmenos
Elyvilon
Fedhas
Gozag
Hepliaklqana
Kikubaaqudgha
Makhleb
Nemelex Xobeh
Okawaru
Qazlal
Ru
Sif Muna
Trog
Uskayaw
Vehumet
Wu Jian
Xom
Yredelemnul
Zin
The Shining One

Shops:
D:9 :

Annotations:
D:9 Maggie


Innate Abilities, Weirdness & Mutations

Your life essence is reduced to manifest your ancestor. (-10% HP)
You are too large for most types of armour.
You have claws for hands.
Your natural rate of healing is unusually fast.
You are covered in fur. (AC +1)
You have tough skin. (AC +1)


Message History

The water moccasin is lightly wounded.
You feel very sick.
You closely miss the water moccasin.
The water moccasin is lightly wounded.
You feel sick. The water moccasin bites you.
You hit the water moccasin but do no damage.
You drain the water moccasin.
The water moccasin is moderately wounded.
You feel sick. The water moccasin bites you.
You hit the water moccasin.
The water moccasin is moderately wounded.
You feel sick.
The water moccasin completely misses you.
You puncture the water moccasin! You drain the water moccasin.
You kill the water moccasin!
You feel sick.
You feel sick. Maggie misses you.
Things that are here:
a water moccasin corpse; a yak corpse You hit Maggie.
You drain Maggie.
Maggie is severely wounded.
You feel sick. Maggie casts a spell at you. The bolt of fire hits you!!
* * * LOW HITPOINT WARNING * * *
You hit Maggie but do no damage.
Maggie is severely wounded.
You feel sick.
Maggie hits you with a +0 long sword of flaming!
* * * LOW HITPOINT WARNING * * *
Maggie burns you.
* * * LOW HITPOINT WARNING * * *
Unknown command.
You hit Maggie. You drain Maggie.
Maggie is almost dead.
You feel sick.
You closely miss Maggie.
Maggie is almost dead.
Maggie hits you with a +0 long sword of flaming!
You die...

.........## #.# #R#
..........# #.# #.#
........#.###.####R#
.................#.####..#
......#.#.###>...........#
.######.#..##.##.#.#####.#
.# #............o..#
+###.##.##.##.##@###
.....##.##.##.##@#
.....##.##..#.##.#
.....##.###.#.##.#######.
.....##.# #...##.........
.###.##.####..###....####
.# #......##..##.....+ .#
#......###>##.....# .#
#......# ####.....# .#
#...)..######.#####


You could see Maggie (drained) and an orc warrior.

Vanquished Creatures
  Psyche (D:8)
  Grinder (D:4)
  A vampire (Bailey)
  3 basilisks (D:9)
  9 yaks
  3 water moccasins
  Pargi (Sewer)
  2 orc warriors
  3 ice beasts
  A necrophage (D:4)
  An ogre (D:4)
  A lemure (D:7)
  A kobold brigand (D:8)
  A bullfrog (D:8)
  2 scorpions
  An electric eel (D:9)
  4 vampire bats (Bailey)
  4 wolf zombies (Bailey)
  A howler monkey (D:5)
  3 centaur zombies
  3 orc priests
  A gnoll shaman (D:8)
  4 hounds
  A jelly (D:5)
  A bullfrog skeleton (D:4)
  Jessica (D:2)
  Natasha (D:2)
  6 orc wizards
  A killer bee zombie (D:8)
  2 howler monkey zombies
  4 gnolls
  16 adders
  2 ufetubi (D:5)
  An adder skeleton (D:4)
  4 worms
  3 dart slugs
  13 orcs
  6 bats
  9 endoplasms
  3 giant cockroaches
  5 hobgoblins
  3 jackals (D:1)
  4 quokkas
  8 ball pythons
  5 frilled lizards
  12 goblins
  8 kobolds
  11 orc zombies (Bailey)
  5 rats
187 creatures vanquished.

Vanquished Creatures (collateral kills)
  Erica (D:8)
  Pikel (D:7)
  A gargoyle (Bailey)
  A vampire (Bailey)
  A wraith (D:5)
  7 yaks
  A water moccasin (D:8)
  An ice beast (D:7)
  An orc warrior (D:8)
  A centaur (D:6)
  2 lemures (D:7)
  2 bullfrogs (D:8)
  A wyvern skeleton (D:6)
  3 vampire bats (Bailey)
  3 wolf zombies (Bailey)
  A bullfrog zombie (D:7)
  A centaur skeleton (D:7)
  2 hounds
  2 jellies
  An orc wizard (D:6)
  A gnoll (D:8)
  8 orc zombies (Bailey)
  2 adders
  A shadow imp (D:5)
  3 white imps
  5 orcs
  2 kobolds (D:8)
56 creatures vanquished.

Vanquished Creatures (others)
  3 battlemagi
  2 fungi
  19 plants
24 creatures vanquished.

Grand Total: 267 creatures vanquished

Notes
Turn   | Place    | Note
-------+----------+-------------------------------------------
     0 | D:1      | issech the Troll Monk began the quest for the Orb.
     0 | D:1      | Reached XP level 1. HP: 22/22 MP: 0/0
   283 | D:1      | Reached XP level 2. HP: 28/29 MP: 1/1
   832 | D:2      | Noticed Jessica
   837 | D:2      | Reached XP level 3. HP: 32/36 MP: 2/2
   862 | D:2      | Killed Jessica
   875 | D:2      | Reached XP level 4. HP: 29/39 MP: 3/3
   903 | D:2      | Reached skill level 1 in Axes
  1048 | D:2      | Found a faded altar of an unknown god.
  1202 | D:2      | Noticed Natasha
  1220 | D:2      | Killed Natasha
  1568 | D:3      | Reached XP level 5. HP: 48/52 MP: 4/4
  1635 | D:3      | Reached skill level 1 in Short Blades
  1726 | D:3      | Found a broken altar of Ashenzari.
  1733 | D:3      | Found a bloodstained altar of Trog.
  2147 | D:4      | Noticed Grinder
  2334 | D:4      | Noticed a necrophage
  2410 | D:4      | Killed a necrophage
  2411 | D:4      | Reached XP level 6. HP: 53/61 MP: 5/5
  2609 | D:4      | Paralysed by Grinder for 7 turns
  2631 | D:4      | Paralysed by Grinder for 4 turns
  2799 | D:4      | Reached XP level 7. HP: 48/67 MP: 6/6
  2964 | D:4      | Paralysed by Grinder for 5 turns
  2982 | D:5      | Entered Level 5 of the Dungeon
  3003 | D:4      | Paralysed by Grinder for 2 turns
  3011 | D:4      | Paralysed by Grinder for 5 turns
  3026 | D:4      | Killed Grinder
  3214 | D:5      | Found a glowing drain.
  3223 | Sewer    | Entered a sewer
  3304 | Sewer    | Noticed Pargi
  3313 | Sewer    | Killed Pargi
  3417 | D:5      | Reached XP level 8. HP: 32/78 MP: 7/7
  3478 | D:5      | Identified the +8 spear of Mefakiyh {drain, Dex+4 SInv}
  3487 | D:5      | Found a staircase to the Ecumenical Temple.
  3534 | Temple   | Entered the Ecumenical Temple
  3603 | Temple   | Became a worshipper of Hepliaklqana the Forgotten
  3603 | Temple   | Reached * piety under Hepliaklqana
  3603 | Temple   | Reached ** piety under Hepliaklqana
  3604 | Temple   | Remembered your ancestor Nammahani as a battlemage
  4695 | D:6      | Reached skill level 1 in Polearms
  5043 | D:6      | Reached skill level 5 in Fighting
  5043 | D:6      | Reached skill level 5 in Axes
  5043 | D:6      | Reached skill level 2 in Polearms
  5043 | D:6      | Reached XP level 9. HP: 77/79 MP: 8/8
  5468 | D:7      | Reached *** piety under Hepliaklqana
  5624 | D:7      | Found a burning altar of Makhleb.
  5681 | D:7      | Noticed Pikel
  5730 | D:7      | Reached skill level 3 in Polearms
  5730 | D:7      | Reached skill level 5 in Dodging
  5741 | D:7      | Killed Pikel
  6009 | D:8      | Noticed Psyche
  6031 | D:8      | Killed Psyche
  6032 | D:8      | Reached skill level 4 in Polearms
  6158 | D:8      | Reached XP level 10. HP: 29/88 MP: 9/9
  6176 | D:8      | Noticed Erica
  6190 | D:8      | Killed Erica
  6191 | D:8      | Reached skill level 5 in Polearms
  6436 | D:8      | Found a flagged portal.
  6446 | Bailey   | Entered a bailey
  6745 | Bailey   | Noticed a gargoyle
  6756 | Bailey   | Killed a gargoyle
  6757 | Bailey   | Reached skill level 6 in Polearms
  6804 | Bailey   | Identified the +5 ring mail of Quiet Fog {Str+5 Int+4 Dex-3
                  | SInv}
  7069 | Bailey   | Reached skill level 1 in Throwing
  7148 | Bailey   | Identified the +1 ring mail "Pely" {rC- Will++}
  7693 | D:8      | Reached **** piety under Hepliaklqana
  8060 | D:9      | Reached XP level 11. HP: 67/96 MP: 10/10
  8088 | D:9      | Found Xadup's Book Shoppe.
  8348 | D:9      | Noticed Maggie
  8399 | D:9      | Reached skill level 7 in Polearms
  8412 | D:9      | HP: 4/96 [poisoned by a water moccasin]
  8413 | D:9      | Slain by Maggie

Illustrated notes

Levels and vault maps discovered:
D:1:      eino_arrival_water_cross, layout_basic
D:2:      layout_basic, dreamdust_ecumenical_altar_grove, st_stairs_11,
          grunt_ministairs_9, uniq_jessica, uniq_natasha
D:3:      layout_basic, nicolae_overflow_squiral
D:4:      minmay_spotlight, layout_basic, minmay_misc_feat_cross, uniq_grinder
D:5:      layout_basic, temple_fountains, cheibrodos_sewer_entry_sluice,
          supply_closet_lemuel, minmay_increasing_density
D:6:      layout_loops_cross
D:7:      layout_cave_pools, makhleb_heckhound_becter, uniq_pikel
D:8:      layout_loops_corners, enter_bailey_4, uniq_psyche, uniq_erica
D:9:      layout_basic, minmay_lair_entry_grove, erik_orc_2, serial_shops,
          shop_statue, uniq_maggie
Temple:   mainiacjoe_temple_bowtie_tessellation

Skill      XL: |  1  2  3  4  5  6  7  8  9 10 11 |
---------------+----------------------------------+-----
Maces & Flails | 3 4 |  4.6
Axes           | 1 3 5 |  5.1
Short Blades   | 2 |  2.4
Dodging        | 3 4 5 6 |  6.3
Fighting       | 3 4 5 6 |  6.7
Stealth        | 2 3 4 |  4.4
Polearms       | 2 4 6 7 |  7.1
Throwing       | 3 |  3.1

Action                   |  1- 3 |  4- 6 |  7- 9 | 10-12 || total
-------------------------+-------+-------+-------+-------++-------
Melee: Mace              |    40 |       |       |       ||    40
       War axe           |    43 |     3 |    59 |       ||   105
       Dagger            |     1 |   174 |       |       ||   175
       Punch             |     1 |     3 |       |     4 ||     8
       Morningstar       |       |    59 |       |       ||    59
       Unarmed           |       |       |     1 |       ||     1
       Spear             |       |       |   130 |   265 ||   395
Throw: Stone             |     6 |       |     8 |    14 ||    28
       Boomerang         |       |       |       |    29 ||    29
Invok: Ancestor Life: Ba |       |       |     1 |       ||     1
  Use: Scroll            |       |     3 |     6 |     1 ||    10
 Stab: Sleeping          |     2 |     3 |     7 |    10 ||    22
       Distracted        |       |       |     2 |     5 ||     7
Armor: Robe              |    33 |    64 |    46 |    52 ||   195
Dodge: Dodged            |    48 |   141 |    96 |   153 ||   438
